 Dungeon Crawl Stone Soup version 0.30-a0-368-g86fb4627a9 (webtiles) character file.

Game seed: 13588356642117767524

20437 KarmaKiller the Basher (level 12, -14/80 HPs)
             Began as a Gargoyle Fighter on Nov 16, 2022.
             Was an Elder of Wu Jian.
             Shot with an arrow by a centaur warrior (22 damage)
             ... on level 1 of the Shoals on Nov 18, 2022.
             The game lasted 01:50:09 (13855 turns).

KarmaKiller the Basher (Gargoyle Fighter)          Turns: 13855, Time: 01:50:15

Health: -14/80     AC: 27    Str: 30    XL:     12   Next: 79%
Magic:  12/12      EV:  8    Int: 10    God:    Wu Jian [****..]
Gold:   593        SH:  5    Dex:  9    Spells: 11/11 levels left

rFire   . . .      SeeInvis .    q - +6 flail (elec)
rCold   . . .      Faith    .    b - +0 buckler
rNeg    + . .      Spirit   .    n - +1 plate armour
rPois   ∞          Reflect  .    k - +0 helmet
rElec   +          Harm     +    r - scarf {harm}
rCorr   .          Rampage  .    (no gloves)
Will    .....                    e - +0 pair of boots
Stlth   ..........               m - amulet of the acrobat
HPRegen 0.33/turn                H - +6 ring of strength
MPRegen 0.13/turn                (no ring)

@: exhausted
A: sickness immunity, AC +8, negative energy resistance 1, electricity
resistance, torment resistance 1, petrification resistance
a: Renounce Religion, Wall Jump, Serpent's Lash


You were on level 1 of the Shoals.
You worshipped Wu Jian.
Wu Jian was greatly pleased with you.
You visited 3 branches of the dungeon, and saw 14 of its levels.

You collected 919 gold pieces.
You spent 326 gold pieces at shops.

Inventory:

Hand Weapons
 o - a +1 spear of venom
 q - a +6 flail of electrocution (weapon)
 s - a +1 halberd
 w - a +4 spear
 y - a +2 great sword of freezing
 A - a +2 spear of flaming
 B - a +3 flail
 C - a +2 spear of venom
Missiles
 c - 6 throwing nets (quivered)
Armour
 b - a +0 buckler (worn)
 e - a +0 pair of boots (worn)
 k - a +0 helmet (worn)
 n - a +1 plate armour (worn)
 r - a scarf of harm (worn)
Jewellery
 a - an amulet of magic regeneration
 l - a +6 ring of intelligence
 m - an amulet of the acrobat (around neck)
 H - a +6 ring of strength (left hand)
Wands
 d - a wand of flame (13)
 z - a wand of paralysis (5)
 E - a wand of digging (5)
Scrolls
 f - 6 scrolls of teleportation
 p - a scroll of identify
 v - 3 scrolls of noise
 x - 5 scrolls of poison
 D - 2 scrolls of blinking
 F - 2 scrolls of vulnerability
Potions
 g - 3 potions of mutation
 h - 5 potions of flight
 j - 4 potions of lignification
 t - 3 potions of degeneration
 u - 2 potions of attraction
Miscellaneous
 G - a phial of floods (inert)
 I - a lightning rod (inert)


   Skills:
 + Level 11.1 Fighting
 + Level 14.5 Maces & Flails
 + Level 10.7 Armour
 + Level 1.5 Dodging
 + Level 2.0 Stealth
 + Level 7.1 Shields
 + Level 2.3 Unarmed Combat
 + Level 1.1 Evocations


You had 11 spell levels left.
You didn't know any spells.
Your spell library contained the following spells:

 Spells                   Type           Power      Damage    Failure   Level
 Freeze                   Ice            0%         1d3       97%         1
 Blink                    Tloc           0%         N/A       99%         2
 Frozen Ramparts          Ice            0%         1d1       100%        3
 Hailstorm                Conj/Ice       0%         3d3       100%        3
 Inner Flame              Hex/Fire       0%         N/A       100%        3
 Flame Wave               Conj/Fire      0%         2d4       100%        4
 Manifold Assault         Tloc           0%         N/A       100%        4
 Sticky Flame             Conj/Fire      0%         2d3       100%        4
 Blade Hands              Tmut           0%         N/A       100%        5
 Irradiate                Conj/Tmut      0%         3d11      100%        5
 Dragon Form              Tmut           0%         N/A       100%        7
 Storm Form               Tmut/Air       0%         N/A       100%        7


Dungeon Overview and Level Annotations

Branches:
Dungeon (9/15)             Temple (0/1) D:6            Lair (4/5) D:9
 Shoals (1/4) Lair:3       Spider (0/4) Lair:3
  Slime: Lair:4-5       Orc: D:9-12

Altars:
Dithmenos
Elyvilon
Fedhas
Kikubaaqudgha
Makhleb
Nemelex Xobeh
Ru
Trog
Wu Jian
Xom
The Shining One

Shops:
D:2 [   D:4 :*   D:6 (*=?   D:9 :

Annotations:
D:7 2 transporters, billz999's ghost, novice GnHu
Lair:1 1 runed translucent door, gabagool's ghost, journeyman TeAE


Innate Abilities, Weirdness & Mutations

You are immune to sickness and miasma.
Your stone body is resilient. (AC +8)
You are immune to poison.
You resist negative energy. (rN+)
You are resistant to electric shocks. (rElec)
You are resistant to unholy torment.
You are immune to petrification.


Message History

Blink to where?
Press: ? - help, Dir - move target, p - merfolk impaler
As you read the scroll of blinking, it crumbles to dust.
Blink to where?
Press: ? - help, Dir - move target A merfolk comes into view.
It is wielding a +0 trident.
As you read the scroll of blinking, it crumbles to dust.
The merfolk shouts!
As you read the scroll of teleportation, it crumbles to dust.
You feel strangely unstable.
Found a dagger.
Your surroundings suddenly seem different.
Splash!
You fall into the shallow water.
Moving in this stuff is going to be slow.
A merfolk avatar and a centaur warrior come into view.
Found 26 gold pieces and 5 poisoned darts.
The merfolk avatar shouts!
The centaur warrior shouts!
You hear a shout!
The merfolk avatar chants a haunting song.
You resist with some effort.
Aiming: Dig
Press: ? - help, Shift-Dir - straight line
Okay, then.
Blink to where?
Press: ? - help, Dir - move target
Found 18 gold pieces.
Found a stone staircase leading down.
As you read the scroll of blinking, it crumbles to dust.
Aiming: Paralyse
Press: ? - help, Shift-Dir - straight line, f - centaur warrior
Aim: a centaur warrior (chance to affect: 34%)
The centaur warrior easily resists.
The centaur warrior wields a +0 shortbow.
The centaur warrior shoots an arrow.
The arrow hits you but does no damage.
Aiming: Throw Flame
Press: ? - help, Shift-Dir - straight line, f/p - centaur warrior
Aim: a centaur warrior, wielding a +0 shortbow (77% to hit)
The puff of flame hits the centaur warrior.
The centaur warrior is lightly wounded.
The centaur warrior shoots an arrow.
The arrow hits you!!
You die...

~~~~.....~~~.....~~,,,,,,,,,~~,,*
~~~~...~≈≈~~..~......#*,,,,~~,,~~
~~~~~~~~≈≈~~.~~......##.,,,~~~~~~
~~~~.~~~~≈~~~~~.(.~~~...,,,~~~~~~
~~~...~~~~~~~~.....~...~~,~~~~~~~
~~.....~~~~~~...~~~..~~.,~~~,,,~,
~~...$.~~m..c...........~~~,,,,,,
~~...m...~............>~,,,,**,,*
~~...~..^.....##@#**,,~,,,*******
~~..~........###.#**,~,,***
~~~.......~.......,~~,,**
~~~................~,,,* ****
~~~.......^.........,,,** **,,,
~~~.........##.......,,,*****,,~,
~~~~,,,,,,,,,#...$...#***,,,,,~~~
~~,,~,,,,,,**#......##***,,,,~~~~
~~,,,,,*,,** **,,,***,,,,,,~~~~~~


You could see a merfolk avatar and a centaur warrior.

Vanquished Creatures
  A hydra (Lair:2)
  Harold (D:9)
  Amaemon (Lair:2)
  Pikel (D:7)
  Maurice (D:8)
  2 black mambas
  3 elephants (Lair:4)
  A water nymph (Shoals:1)
  An orange demon (Lair:2)
  6 cane toads
  A kobold demonologist (D:9)
  2 rime drakes
  5 komodo dragons
  2 trolls (D:9)
  A hornet (D:9)
  A merfolk (Shoals:1)
  5 dream sheep (Lair:4)
  A slime creature (Lair:1)
  13 blink frogs
  A wyvern (Lair:1)
  14 yaks
  6 water moccasins
  Edmund (D:4)
  3 ice beasts
  An orc warrior (D:9)
  3 black bears
  An ogre (D:6)
  3 wolves (Lair:2)
  2 lemures (D:7)
  3 phantoms
  8 kobold brigands
  10 bullfrogs
  2 necrophages
  2 gnoll sergeants
  2 scorpions
  7 wights
  9 killer bees (D:9)
  A howler monkey (D:7)
  A lava snake (D:8)
  5 jellies
  A gnoll bouda (D:6)
  8 orc priests
  2 hounds (D:6)
  3 iguanas
  5 orc wizards
  5 hell rats (Lair:3)
  2 adders
  12 gnolls
  A shadow imp (D:7)
  4 white imps
  An ufetubus (D:5)
  A worm (D:3)
  4 dart slugs
  32 orcs
  21 endoplasms
  3 giant cockroaches (D:1)
  8 goblins
  3 hobgoblins
  3 jackals (D:2)
  32 kobolds
  2 quokkas
  5 ball pythons
  3 bats
  2 frilled lizards
  4 rats
301 creatures vanquished.

Vanquished Creatures (others)
  A human (D:7)
  29 fungi
  26 plants
56 creatures vanquished.

Grand Total: 357 creatures vanquished

Notes
Turn   | Place    | Note
-------+----------+-------------------------------------------
     0 | D:1      | KarmaKiller the Gargoyle Fighter began the quest for the
                  | Orb.
     0 | D:1      | Reached XP level 1. HP: 14/14 MP: 1/1
   126 | D:1      | Reached XP level 2. HP: 19/19 MP: 2/2
  1319 | D:2      | Reached XP level 3. HP: 17/23 MP: 3/3
  1702 | D:2      | Found Zeonaf's Antique Armour Shop.
  2242 | D:3      | Found an ornate altar of the Wu Jian Council.
  2396 | D:3      | Reached skill level 1 in Maces & Flails
  2403 | D:3      | Reached XP level 4. HP: 25/28 MP: 4/4
  2489 | D:3      | Became a worshipper of the Wu Jian Council
  2592 | D:3      | Found a shadowy altar of Dithmenos.
  3473 | D:4      | Found a glowing golden altar of the Shining One.
  3496 | D:4      | Found a sparkling altar of Nemelex Xobeh.
  3530 | D:4      | Noticed a scorpion
  3536 | D:4      | Killed a scorpion
  3537 | D:4      | Reached skill level 2 in Maces & Flails
  3537 | D:4      | Reached XP level 5. HP: 31/32 MP: 5/5
  3665 | D:4      | Reached skill level 3 in Maces & Flails
  3775 | D:4      | Noticed Edmund
  3789 | D:4      | Killed Edmund
  3790 | D:4      | Reached skill level 4 in Maces & Flails
  3790 | D:4      | Reached XP level 6. HP: 38/38 MP: 6/6
  3797 | D:4      | Found a burning altar of Makhleb.
  3797 | D:4      | Found Emyl's General Store.
  3809 | D:4      | Bought a scroll of poison for 44 gold pieces
  3809 | D:4      | Bought a scroll of identify for 22 gold pieces
  3809 | D:4      | Bought a scroll of magic mapping for 82 gold pieces
  3817 | D:4      | Found Myeczuadd's Book Emporium.
  4215 | D:4      | Found a sacrificial altar of Ru.
  4301 | D:4      | Reached * piety under Wu Jian
  4303 | D:4      | Reached skill level 5 in Armour
  4366 | D:5      | Entered Level 5 of the Dungeon
  4429 | D:5      | Reached XP level 7. HP: 39/42 MP: 7/7
  4592 | D:5      | Reached skill level 5 in Maces & Flails
  4871 | D:5      | Found a bloodstained altar of Trog.
  5102 | D:6      | Reached ** piety under Wu Jian
  5105 | D:6      | Reached skill level 6 in Maces & Flails
  5108 | D:6      | Reached XP level 8. HP: 46/48 MP: 8/8
  5132 | D:6      | Found a staircase to the Ecumenical Temple.
  5257 | D:6      | Found Tocunnapo's Weapon Shop.
  5278 | D:6      | Found Woshre Noh's General Store.
  5319 | D:6      | Reached skill level 7 in Maces & Flails
  5352 | D:6      | Bought a scroll of identify for 26 gold pieces
  5352 | D:6      | Bought a scroll of identify for 26 gold pieces
  5543 | D:6      | Found Dokuucve's Magic Scroll Shop.
  5554 | D:6      | Bought a scroll of identify for 22 gold pieces
  5554 | D:6      | Bought a scroll of identify for 22 gold pieces
  5554 | D:6      | Bought a scroll of enchant weapon for 82 gold pieces
  5705 | D:6      | Found a white marble altar of Elyvilon.
  5730 | D:6      | Found Ucigoer's Jewellery Shoppe.
  5770 | D:6      | Reached skill level 8 in Maces & Flails
  5900 | D:6      | Reached skill level 5 in Fighting
  6284 | D:7      | Reached *** piety under Wu Jian
  6345 | D:7      | Reached XP level 9. HP: 54/54 MP: 9/9
  6377 | D:7      | Found an ancient bone altar of Kikubaaqudgha.
  6432 | D:7      | Noticed Pikel
  6450 | D:7      | Killed Pikel
  6451 | D:7      | Reached skill level 9 in Maces & Flails
  7148 | D:7      | Found a transporter.
  7153 | D:7      | Found a transporter.
  7154 | D:7      | Noticed billz999's ghost (novice GnHu)
  7207 | D:7      | Identified the +9 dire flail "Ikhux" {pain, rF+ rN+ Will+
                  | Dex-2}
  7207 | D:7      | Identified the +9 dire flail of a ziggurat {venom, Str+8
                  | Stlth+}
  7207 | D:7      | Noticed a two-headed ogre
  7354 | D:8      | Noticed Maurice
  7359 | D:8      | Paralysed by Maurice for 4 turns
  7380 | D:8      | Killed Maurice
  7381 | D:8      | Reached skill level 10 in Maces & Flails
  7566 | D:8      | Reached skill level 5 in Shields
  7586 | D:8      | Found a blossoming altar of Fedhas.
  7841 | D:8      | Reached XP level 10. HP: 61/61 MP: 10/10
  8416 | D:9      | Reached skill level 11 in Maces & Flails
  8558 | D:9      | Found a staircase to the Lair.
  8674 | D:9      | Noticed a kobold demonologist
  8686 | D:9      | Noticed a rust devil
  8695 | D:9      | Killed a kobold demonologist
  9019 | D:9      | Found Simosoell's Vocational Training.
  9163 | D:9      | Noticed Harold
  9174 | D:9      | Killed Harold
  9175 | D:9      | Reached skill level 12 in Maces & Flails
  9175 | D:9      | Reached skill level 1 in Evocations
  9365 | D:9      | Reached skill level 1 in Stealth
  9365 | D:9      | Reached XP level 11. HP: 46/68 MP: 11/11
  9730 | Lair:1   | Entered Level 1 of the Lair of Beasts
 10097 | Lair:1   | Reached **** piety under Wu Jian
 10454 | Lair:1   | Found a runed translucent door.
 10454 | Lair:1   | Found a shimmering altar of Xom.
 10454 | Lair:1   | Noticed gabagool's ghost (journeyman TeAE)
 10455 | Lair:1   | Noticed a +2 morningstar of chaos
 11124 | Lair:2   | Reached skill level 13 in Maces & Flails
 11377 | Lair:2   | Noticed a five-headed hydra
 11384 | Lair:2   | Killed a five-headed hydra
 11536 | Lair:2   | You fall into a shaft and drop 2 floors!
 11614 | Lair:4   | Reached XP level 12. HP: 77/77 MP: 12/12
 11615 | Lair:4   | Reached skill level 1 in Dodging
 11830 | Lair:2   | Reached skill level 14 in Maces & Flails
 11936 | Lair:2   | Reached skill level 10 in Armour
 12043 | Lair:2   | Reached skill level 10 in Fighting
 12381 | Lair:2   | Noticed Amaemon
 12398 | Lair:2   | Killed Amaemon
 12587 | Lair:2   | Upgraded the game from 0.30-a0-365-ge7f957f1db to
                  | 0.30-a0-368-g86fb4627a9
 12653 | Lair:3   | Found a staircase to the Shoals.
 12656 | Lair:3   | Found a hole to the Spider Nest.
 13755 | Shoals:1 | Entered Level 1 of the Shoals
 13834 | Shoals:1 | Noticed a merfolk impaler
 13852 | Shoals:1 | Noticed a merfolk avatar
 13852 | Shoals:1 | Noticed a centaur warrior
 13855 | Shoals:1 | Shot with an arrow by a centaur warrior

Illustrated notes

Levels and vault maps discovered:
D:1:      dpeg_arrival_tiny_d, layout_loops_ring, nrook_mini_vaults, st_stairs_2
D:2:      layout_basic, serial_shops, shop
D:3:      layout_basic, grunt_dithmenos_smoke, nicolae_wu_jian_glorious_leap,
          dk_vineyard_3
D:4:      layout_loops_ring, lemuel_doored_altar,
          nicolae_ru_the_path_less_chosen, mainiacjoe_overflow_swirl,
          serial_shops, kennysheep_mini_moat, shop, uniq_edmund
D:5:      layout_basic, mainiacjoe_overflow_alcove_4, serial_bayou,
          serial_bayou_ford_a, serial_bayou_pond_a, serial_bayou_pond_e,
          serial_bayou_pond_a, serial_bayou_pond_a, eino_tiny_chamber
D:6:      layout_basic, elyvilon_altar_3, minmay_temple_entry_drinking_statues,
          serial_shops, nicolae_shop_waterfront, nicolae_shop_stone,
          nicolae_shop_statue_plus, nicolae_shop_crystal
D:7:      layout_basic, tgw_kikubaaqudgha, gammafunk_ghost_smash,
          kennysheep_nub, uniq_pikel
D:8:      layout_basic, fedhas_altar_2, kennysheep_cluttered_room,
          minmay_misc_feat_tiny, uniq_maurice
D:9:      layout_roguey, grunt_lair_entry_orc_guard_hut,
          nicolae_shop_vocational, uniq_harold
Lair:1:   lemuel_slime, layout_layer_cave, ebering_ghost_xom
Lair:2:   layout_long_grid, grunt_megastairs_1, uniq_amaemon
Lair:3:   layout_cave_pods, elwin_shoals_entry_rocks, dummy_spider_entry,
          grunt_forest_small_clearings
Lair:4:   layout_loops_ring, ebering_ghost_disaster_area, serial_bayou_shore_b
Shoals:1: layout_shoals, nicolae_shoals_drake_roost, uniq_aizul

Skill      XL: |  1  2  3  4  5  6  7  8  9 10 11 12 |
---------------+-------------------------------------+-----
Maces & Flails | 1 2 4 6 8 10 12 13 14 | 14.5
Armour         | 4 5 6 7 8 9 10 | 10.7
Shields        | 4 5 6 7 |  7.1
Fighting       | 4 5 6 8 9 11 | 11.1
Evocations     | 1 |  1.1
Stealth        | 1 2 |  2.0
Dodging        | 1 |  1.5
Unarmed Combat | |  2.3

Action                   |  1- 3 |  4- 6 |  7- 9 | 10-12 || total
-------------------------+-------+-------+-------+-------++-------
Melee: Unarmed           |    33 |       |       |       ||    33
       Club              |   179 |    17 |       |       ||   196
       Flail             |       |    80 |   260 |   502 ||   842
Invok: Lunge             |       |     7 |    20 |    33 ||    60
       Whirlwind         |       |     3 |    31 |    24 ||    58
       Serpent's Lash    |       |       |     3 |    13 ||    16
 Abil: Wall Jump         |       |       |    13 |    27 ||    40
Evoke: Wand              |       |     1 |       |     6 ||     7
       Lightning rod     |       |       |       |     4 ||     4
       Phial of floods   |       |       |       |     1 ||     1
  Use: Scroll            |     5 |     4 |    12 |    18 ||    39
       Potion            |       |     3 |     5 |     6 ||    14
Armor: Scale mail        |   103 |       |       |       ||   103
       Plate armour      |    17 |    47 |   127 |   250 ||   441
Dodge: Dodged            |    99 |    19 |    69 |   136 ||   323
Block: Buckler           |    51 |    12 |    36 |    66 ||   165

Table legend: (Time is in decaauts)
 A = Elapsed time spent in this place.
 B = Non-inter-level travel time spent in this place.
 C = Inter-level travel time spent in this place.
 D = Time resting spent in this place.
 E = Time spent auto-exploring this place.
 F = Levels seen in this place.
 G = Mean time per level.
                   A        B        C        D        E       F      G
               +--------+--------+--------+--------+--------+-----+--------+
         Total |  13876 |  13872 |      4 |   1515 |      0 |  14 |  991.1 |
       Dungeon |   9805 |   9805 |      0 |    591 |      0 |   9 | 1089.4 |
          Lair |   3974 |   3970 |      4 |    904 |      0 |   4 |  993.5 |
        Shoals |     96 |     96 |      0 |     20 |      0 |   1 |   96.0 |
               +--------+--------+--------+--------+--------+-----+--------+

Top non-repeatable levels by time:
  Lair:2: 1399 daAuts
     D:9: 1334 daAuts
     D:3: 1250 daAuts
  Lair:1: 1242 daAuts
  Lair:3: 1207 daAuts
     D:7: 1184 daAuts
     D:2: 1162 daAuts
     D:8: 1075 daAuts
     D:1: 1066 daAuts
     D:6: 1056 daAuts
     D:4: 968 daAuts
     D:5: 705 daAuts
  Lair:4: 125 daAuts
Shoals:1: 96 daAuts
